Workbook

Sheet ЛСР №6
H1: Приложение №
H2: к Дополнительному соглашению №
H3: к Договору подряда
B5: ПОДРЯДЧИК: | D5: ТЕХНИЧЕСКИЙ ЗАКАЗЧИК: | G5: ЗАКАЗЧИК:
A10: Локальный сметный расчет №
C11: Временное ограждение строительной площадки ГП-77
A12: № | B12: Наименование | C12: Характеристика | D12: Ед. изм. | E12: Кол-во | F12: Цена за ед.изм. | G12: Сумма | H12: Форма закупа материала
A13: 01 | B13: Подготовительные работы
A14: 01.01. | B14: Временное ограждение строительной площадки
A15: 01.01.99 | B15: Прочие работы
A16: 01.01.99.00 | B16: =B15 -> Прочие работы | G16: =G17+G19 -> 0
B17: Работа: | G17: =G18 -> 0
B18: Устройство деревянного трапа с ограждением | D18: м.п | E18: 250 | F18: =работы!F18 -> 0 | G18: =F18*E18 -> 0
B19: Материалы | G19: =SUM(G20:G23) -> 0
B20: Доска тип 1 | C20: профилированная 50x150x6000 | D20: м3 | E20: 25.6 | F20: =материалы!F17 -> 0 | G20: =E20*F20 -> 0
B21: Доска тип 2 | C21: профилированная 50x100x6000 | D21: м3 | E21: 2 | F21: =материалы!F18 -> 0 | G21: =E21*F21 -> 0
B22: Доска тип 3 | C22: профилированная 25x100x6000 | D22: м3 | E22: 2.75 | F22: =материалы!F19 -> 0 | G22: =E22*F22 -> 0
B23: Прочие материалы (метизы) | D23: % | E23: 2 | G23: =материалы!G20 -> 0
F24: Итого по ЛСР, в тч НДС: | G24: =G16 -> 0
F25: в т.ч. стоимость работ: | G25: =G17 -> 0
F26: в т.ч. стоимость материалов: | G26: =G19 -> 0
B27: в тч НДС: | H27: указать НДС
B29: Примечание:
A30: - | B30: Стоимость СМР учитывает: затраты на все второстепенные материалы и работы необходимые для осуществления полного комплекса работ, включая затраты: обеспечение технической водой для производства работ и бытовых целей; на мобилизацию, аренду и эксплуатацию всех необходимых механизмов, оборудования и инструментов, бытовых помещений и биотуалетов; на подъем материалов и разноску по этажам к местам производства работ; выполнение сопутствующих работ; вывоз мусора; накладные расходы, прибыль организации, налоги и иные издержки Подрядчика; Обеспечение безопасного производства труда.
A31: - | B31: В случае, если один из перечисленных прочих материалов не был использован по факту при производстве работ, заказчик вправе откорректировать процент прочих материалов в актах выполненных работ (формы КС-2, КС-3), уменьшив на сумму исключенного материала.
A32: - | B32: Стоимость материалов учитывает доставку.

Sheet работы
H1: Приложение №
H2: к Дополнительному соглашению №
H3: к Договору подряда
B5: ПОДРЯДЧИК: | D5: ТЕХНИЧЕСКИЙ ЗАКАЗЧИК: | G5: ЗАКАЗЧИК:
A10: Ведомость работ
C11: Временное ограждение строительной площадки ГП-77
A12: № | B12: Наименование | C12: Характеристика | D12: Ед. изм. | E12: Кол-во | F12: Цена за ед.изм. | G12: Сумма | H12: Форма закупа материала
A13: 01 | B13: Подготовительные работы
A14: 01.01. | B14: Временное ограждение строительной площадки
A15: 01.01.99 | B15: Прочие работы
A16: 01.01.99.00 | B16: =B15 -> Прочие работы
B17: Работа:
B18: Устройство деревянного трапа с ограждением | D18: м.п | E18: 250 | G18: =F18*E18 -> 0
F19: Итого стоимость работ | G19: =G18 -> 0
B21: Примечание:
A22: - | B22: Стоимость СМР учитывает: затраты на все второстепенные материалы и работы необходимые для осуществления полного комплекса работ, включая затраты: обеспечение технической водой для производства работ и бытовых целей; на мобилизацию, аренду и эксплуатацию всех необходимых механизмов, оборудования и инструментов, бытовых помещений и биотуалетов; на подъем материалов и разноску по этажам к местам производства работ; выполнение сопутствующих работ; вывоз мусора; накладные расходы, прибыль организации, налоги и иные издержки Подрядчика; Обеспечение безопасного производства труда.
A23: - | B23: В случае, если один из перечисленных прочих материалов не был использован по факту при производстве работ, заказчик вправе откорректировать процент прочих материалов в актах выполненных работ (формы КС-2, КС-3), уменьшив на сумму исключенного материала.
A24: - | B24: Стоимость материалов учитывает доставку.

Sheet материалы
H1: Приложение №
H2: к Дополнительному соглашению №
H3: к Договору подряда
B5: ПОДРЯДЧИК: | D5: ТЕХНИЧЕСКИЙ ЗАКАЗЧИК: | G5: ЗАКАЗЧИК:
A10: Ведомость материалов
C11: Временное ограждение строительной площадки ГП-77
A12: № | B12: Наименование | C12: Характеристика | D12: Ед. изм. | E12: Кол-во | F12: Цена за ед.изм. | G12: Сумма | H12: Форма закупа материала
A13: 01 | B13: Подготовительные работы
A14: 01.01. | B14: Временное ограждение строительной площадки
A15: 01.01.99 | B15: Прочие работы
A16: 01.01.99.00 | B16: =B15 -> Прочие работы
B17: Доска тип 1 | C17: профилированная 50x150x6000 | D17: м3 | E17: 25.6 | G17: =E17*F17 -> 0
B18: Доска тип 2 | C18: профилированная 50x100x6000 | D18: м3 | E18: 2 | G18: =E18*F18 -> 0
B19: Доска тип 3 | C19: профилированная 25x100x6000 | D19: м3 | E19: 2.75 | G19: =E19*F19 -> 0
B20: Прочие материалы (метизы) | D20: % | E20: 2 | G20: =SUM(G17:G19)*2/102 -> 0
F21: Итого по ЛСР, в тч НДС: | G21: =SUM(G17:G20) -> 0
B23: Примечание:
A24: - | B24: Стоимость СМР учитывает: затраты на все второстепенные материалы и работы необходимые для осуществления полного комплекса работ, включая затраты: обеспечение технической водой для производства работ и бытовых целей; на мобилизацию, аренду и эксплуатацию всех необходимых механизмов, оборудования и инструментов, бытовых помещений и биотуалетов; на подъем материалов и разноску по этажам к местам производства работ; выполнение сопутствующих работ; вывоз мусора; накладные расходы, прибыль организации, налоги и иные издержки Подрядчика; Обеспечение безопасного производства труда.
A25: - | B25: В случае, если один из перечисленных прочих материалов не был использован по факту при производстве работ, заказчик вправе откорректировать процент прочих материалов в актах выполненных работ (формы КС-2, КС-3), уменьшив на сумму исключенного материала.
A26: - | B26: Стоимость материалов учитывает доставку.
